 Dungeon Crawl Stone Soup version bcrawl-1.35.2 (console) character file.

Game seed: 10002398244285112628

114165 Susie the Ducker (level 4, -4/33 HPs)
             Began as a Human Archaeologist on Jan 18, 2022.
             Killed by nerve-wracking pain
             ... invoked by Grinder
              (13 damage)
             ... on level 3 of the Dungeon.
             The game lasted 00:08:09 (1757 turns).

Susie the Ducker (Human Archaeologist)              Turns: 1757, Time: 00:08:09

Health: -4/33      AC:  6    Str: 12    XL:     4   Next: 27%
Magic:  5/5        EV: 13    Int: 14    God:
Gold:   99         SH:  0    Dex: 12    Spells: 3/3 levels left

rFire    . . .     SeeInvis .   r - +0 war axe
rCold    . . .     Gourm    .   (no shield)
rNeg     . . .     Faith    .   c - +1 robe
rPois    .         Spirit   .   d - +1 hat
rElec    .         Reflect  .   (no cloak)
rCorr    +                      (no gloves)
MR       .....                  k - +1 pair of boots
Stlth    ++........             (no amulet)
HPRegen  0.11/turn              m - ring of resist corrosion
MPRegen  0.09/turn              (no ring)

@: no status effects
A: no striking features
a: no special abilities


You were on level 3 of the Dungeon.
You were very hungry.

You visited 1 branch of the dungeon, and saw 3 of its levels.

You collected 99 gold pieces.

Inventory:

Hand Weapons
 a - a +0 whip
 b - a +0 blowgun
 r - a +0 war axe (weapon)
Armour
 c - a +1 robe (worn)
 d - a +1 hat (worn)
 k - a +1 pair of boots (worn)
Jewellery
 m - a ring of resist corrosion (left hand)
Scrolls
 g - a scroll of magic mapping
 i - a scroll of identify
 j - a scroll of noise {unknown}
 l - a scroll of teleportation {unknown}
 o - a scroll of amnesia {unknown}
 p - 2 scrolls of enchant weapon {unknown}
 q - a scroll of enchant armour {unknown}
Miscellaneous
 h - a dusty tome
Comestibles
 e - 3 rations {!d}


   Skills:
 + Level 2.2 Fighting
 - Level 1.1 Maces & Flails
 + Level 4.0 Dodging
 - Level 3.6 Stealth
 + Level 2.2 Evocations


You had 3 spell levels left.
You didn't know any spells.
Your spell library was empty.

Dungeon Overview and Level Annotations

Branches:
Dungeon (3/12)

Altars:

Annotations:
D:2 Sigmund
D:3 Grinder


Message History

The bullfrog zombie is moderately damaged.
The bullfrog zombie misses you. The bullfrog zombie hits you.
You hit the bullfrog zombie but do no damage.
The bullfrog zombie is moderately damaged.
The bullfrog zombie barely misses you.
The bullfrog zombie hits you but does no damage.
Grinder blinks!
You slash the bullfrog zombie!
The bullfrog zombie is heavily damaged.
The bullfrog zombie hits you. x2
You hit the bullfrog zombie.
The bullfrog zombie is severely damaged.
You hit Grinder but do no damage. Grinder hits you!
* * * LOW HITPOINT WARNING * * *
You barely miss Grinder.
Grinder says, "There's only one good use for a tongue: cutting it out."
Grinder hits you but does no damage. Grinder gestures at you.
Pain shoots through your body!
You die...

##...## ##.....##
#######.......#####.#
.....##.##..........#
####.##.##..#.######
#........#.#
####.##.##.#
#.......##########
###............>.#
#..#####.#####.# #..#
#@# #.#
#..#####5#####.#
#..##...Z....#.##
#.##.##.....# ..
#.##.###.#
#.#.###.##.# #.# .
........###.#
#######.....# #
###.### #. #.# ##'#
#.#


You could see Grinder and a bullfrog zombie.

Vanquished Creatures
  An adder (D:3)
  A worm (D:1)
  2 dart slugs
  3 leopard geckos
  2 orcs (D:3)
  A ball python (D:2)
  A giant cockroach (D:1)
  5 goblins
  3 hobgoblins
  7 jackals
  2 bats (D:1)
  A frilled lizard (D:1)
  3 kobolds
  5 rats
37 creatures vanquished.

Vanquished Creatures (others)
  An adder (D:3)
1 creature vanquished.

Grand Total: 38 creatures vanquished

Notes
Turn   | Place    | Note
-------+----------+-------------------------------------------
     0 | D:1      | Susie the Human Archaeologist began the quest for the Orb.
     0 | D:1      | Reached XP level 1. HP: 15/15 MP: 1/1
    73 | D:1      | Reached XP level 2. HP: 19/21 MP: 2/2
    90 | D:1      | Reached skill level 1 in Evocations
   785 | D:1      | Reached XP level 3. HP: 27/27 MP: 4/4
  1313 | D:2      | Noticed Sigmund
  1469 | D:3      | Reached skill level 4 in Dodging
  1469 | D:3      | Reached XP level 4. HP: 25/33 MP: 5/5
  1714 | D:3      | Noticed Grinder
  1717 | D:3      | Paralysed by Grinder for 4 turns
  1757 | D:3      | Killed from afar by Grinder

Skill      XL: |  1  2  3 |
---------------+----------+-----
Evocations     | 1 2 |  2.2
Fighting       | 2 |  2.2
Dodging        | 4 |  4.0
Maces & Flails | |  1.1
Stealth        | |  3.6

Action                   |  1- 3 |  4- 6 || total
-------------------------+-------+-------++-------
Melee: Whip              |   153 |    16 ||   169
       War axe           |       |    11 ||    11
 Fire: Blowgun           |       |     6 ||     6
  Use: Scroll            |     1 |       ||     1
       Potion            |       |     1 ||     1
 Stab: Sleeping          |     8 |       ||     8
  Eat: Chunk             |     6 |       ||     6
Armor: Robe              |    58 |     5 ||    63
Dodge: Dodged            |    99 |    18 ||   117
